 Dungeon Sprint DCSS version 0.30.1-11-g7821555f0a (webtiles) character file.

Game seed: 10865860885193390722

40 Groucho the Magician (level 3, -4/19 HPs)
             Began as a Deep Elf Earth Elementalist on Dec 31, 2023.
             Was a Follower of Sif Muna.
             Slain by a gnoll
             ... wielding a +0 spear
             ... led by a gnoll sergeant
              (7 damage)
             ... in the Dungeon (Sprint VII: "The Pits").
             The game lasted 00:01:19 (688 turns).

Groucho the Magician (Deep Elf Earth Elementalist)   Turns: 688, Time: 00:01:19

Health: -4/19      AC:  2    Str:  5    XL:     3   Next: 30%
Magic:  12/13      EV: 12    Int: 21    God:    Sif Muna [*.....]
Gold:   0          SH:  0    Dex: 15    Spells: 11/15 levels left

rFire   . . .        i - +2 falchion (flame)
rCold   . . .        (no shield)
rNeg    . . .        a - +0 robe
rPois   .            (no helmet)
rElec   .            (no cloak)
rCorr   .            (no gloves)
SInv    .            (no boots)
Will    .....        (no amulet)
Stlth   ++           (no ring)
HPRegen 0.23/turn    (no ring)
MPRegen 0.13/turn

%: no teleportation
@: invisible
A: no striking features
a: Renounce Religion, Channel Magic


You were in the Dungeon.
You worshipped Sif Muna.
Sif Muna was aware of your devotion.
You visited 1 branch

Inventory:

Hand Weapons
 h - a +2 dagger
 i - a +2 falchion of flaming (weapon)
Armour
 a - a +0 robe (worn)
Scrolls
 g - a scroll of blinking
 k - 5 scrolls of amnesia
 l - a scroll of butterflies
Potions
 b - 5 potions of magic
 c - a potion of curing
 e - a potion of haste
 f - 3 potions of berserk rage
 j - a potion of invisibility


   Skills:
 - Level 2.4 Dodging
 - Level 2.4 Stealth
 + Level 6.6 Spellcasting
 + Level 1.2 Conjurations
 - Level 1.1 Transmutations
 + Level 6.0 Earth Magic


You had 11 spell levels left.
You knew the following spells:

 Your Spells              Type           Power      Damage    Failure   Level
a - Sandblast             Erth           64%        2d14      1%          1
b - Stone Arrow           Conj/Erth      44%        3d9       6%          3

Your spell library contained the following spells:

 Spells                   Type           Power      Damage    Failure   Level
 Passwall                 Tmut/Erth      17%        N/A       3%          2
 Petrify                  Tmut/Erth      21%        N/A       22%         4


Dungeon Overview and Level Annotations

Branches:
Dungeon (1/1)

Altars:
Ashenzari
Cheibriados
Dithmenos
Elyvilon
Fedhas
Gozag
Hepliaklqana
Kikubaaqudgha
Makhleb
Nemelex Xobeh
Okawaru
Qazlal
Ru
Sif Muna
Trog
Uskayaw
Vehumet
Wu Jian
Xom
Yredelemnul
Zin
The Shining One
Jiyva
Lugonu


Message History

A gnoll sergeant comes into view. It is wielding a +5 trident of venom.
An adder comes into view.
There is an open door here.
Casting: Sandblast (safe; 1% risk of failure)
Confirm with . or Enter, or press ? or * to list all spells.
The spell is extremely dangerous to miscast (9% risk of failure)!
Continue anyway?
Okay, then.
Casting: Stone Arrow (extremely dangerous; 9% risk of failure)
Confirm with . or Enter, or press ? or * to list all spells.
Aiming: Sandblast (safe; 1% risk of failure)
Press: ? - help, Shift-Dir - straight line, f - gnoll
Aim: a gnoll, wielding a +0 flail of draining (86% to hit)
The blast of sand hits the gnoll.
The gnoll is heavily wounded.
The gnoll closely misses you.
The gnoll hits you with a +0 flail of draining!
Ouch! That really hurt!
You feel drained.
* * * LOW HITPOINT WARNING * * *
You feel much better. The gnoll hits you but does no damage.
The gnoll hits you with a +0 flail of draining.
You feel drained.
You fade into invisibility!
The gnoll hits you with a +0 flail of draining.
You feel drained. The gnoll completely misses you.
You strike the helpless gnoll from behind!
You slash the gnoll! You burn the gnoll.
You kill the gnoll!
Sif Muna accepts your kill. The gnoll completely misses you.
Your life force feels restored.
Your Conjurations skill increases to level 1!
Your Earth Magic skill increases to level 6!
Unknown command.
Unknown command.
The gnoll hits you with a +0 spear.
* * * LOW HITPOINT WARNING * * *
You see here a +0 flail of draining.
You barely miss the gnoll. The gnoll hits you with a +0 spear!
You die...

_______...###########++
##########'##...........
#.?(.'.))'.##......#..#
##########.##..........
#...........'...........
+#####)#####......#..#.
#Z #...'.##...........
#..#...#.#####'#####+
#..#####@##.......#
#..'...#g##.......#
#.g'Sg.'S##.......#
#.g########...<...# #.
#.......# # #.......#
#.......# #########


You could see a gnoll (unable to see you) and an adder (unable to see you).

Vanquished Creatures
  2 gnolls (D)
  A river rat (D)
  An ufetubus (D)
  An adder zombie (D)
  A goblin (D)
6 creatures vanquished.

Notes
Turn   | Place    | Note
-------+----------+-------------------------------------------
     0 | D        | Groucho the Deep Elf Earth Elementalist began the quest for
                  | the Orb.
     0 | D        | Reached XP level 1. HP: 10/10 MP: 6/6
   256 | D        | Found a bloodstained altar of Trog.
   256 | D        | Found a shimmering blue altar of Sif Muna.
   256 | D        | Found a viscous altar of Jiyva.
   256 | D        | Found a hazy altar of Hepliaklqana.
   256 | D        | Found an opulent altar of Gozag.
   258 | D        | Found a glowing golden altar of the Shining One.
   258 | D        | Found a glowing silver altar of Zin.
   258 | D        | Found a basalt altar of Yredelemnul.
   258 | D        | Found a shimmering altar of Xom.
   258 | D        | Found an ornate altar of the Wu Jian Council.
   258 | D        | Found a sacrificial altar of Ru.
   258 | D        | Found a stormy altar of Qazlal.
   258 | D        | Found an iron altar of Okawaru.
   258 | D        | Found a sparkling altar of Nemelex Xobeh.
   258 | D        | Found a burning altar of Makhleb.
   258 | D        | Found a blossoming altar of Fedhas.
   258 | D        | Found a white marble altar of Elyvilon.
   258 | D        | Found a shadowy altar of Dithmenos.
   258 | D        | Found a snail-covered altar of Cheibriados.
   260 | D        | Found a corrupted altar of Lugonu.
   260 | D        | Found a radiant altar of Vehumet.
   261 | D        | Found an ancient bone altar of Kikubaaqudgha.
   261 | D        | Found a hide-covered altar of Uskayaw.
   261 | D        | Found a broken altar of Ashenzari.
   262 | D        | Became a worshipper of Sif Muna the Loreminder
   272 | D        | Reached skill level 5 in Spellcasting
   272 | D        | Reached skill level 5 in Earth Magic
   272 | D        | Reached XP level 2. HP: 6/15 MP: 6/10
   512 | D        | Reached * piety under Sif Muna
   526 | D        | Reached XP level 3. HP: 14/19 MP: 5/12
   530 | D        | Learned a level 3 spell: Stone Arrow
   676 | D        | Noticed a gnoll sergeant
   687 | D        | Reached skill level 1 in Conjurations
   688 | D        | Slain by a gnoll

Illustrated notes

Levels and vault maps discovered:
D:        pitsprint [storerooms_1, entrance_room_1, metal_vault_3, armoury_1,
          mini_pit_1, grid_room_1, main_hall_1, silver_pit, the_coven_2,
          the_vestibule_1, steel_vault_4, golden_pit, hallway_of_sentries,
          crystal_vault_1, iron_vault_5, final_vault]

Skill      XL: |  1  2  3 |
---------------+----------+-----
Spellcasting   | 5 6 |  6.6
Earth Magic    | 5 6 |  6.0
Conjurations   | 1 |  1.2
Dodging        | |  2.4
Stealth        | |  2.4
Transmutations | |  1.1

Action                     || total
---------------------------++-------
  Melee: Falchion          ||     2
   Cast: Sandblast         ||    13
    Use: Potion            ||     2
   Stab: Invisible         ||     1
 Armour: Robe              ||     1
  Dodge: Dodged            ||    13
